 Dungeon Crawl Stone Soup version 0.19.0-2-gae57169 (webtiles) character file.

46 Andry07 the Skirmisher (level 3, 0/31 HPs)
             Began as a Merfolk Skald on Nov 7, 2016.
             Succumbed to an adder's poison
             ... on level 2 of the Dungeon.
             The game lasted 00:01:44 (1309 turns).

Andry07 the Skirmisher (Merfolk Skald)              Turns: 1309, Time: 00:01:45

Health: 0/31       AC:  3    Str: 13    XL:     3   Next: 68%
Magic:  6/6        EV: 11    Int: 11    God:
Gold:   82         SH:  4    Dex: 13    Spells: 1 memorised, 5 levels left

rFire  . . .     SeeInvis .     a - +0 short sword
rCold  . . .     Gourm    .     b - +0 leather armour
rNeg   . . .     Faith    .     (no shield)
rPois  .         Spirit   .     (helmet restricted)
rElec  .         Reflect  .     (no cloak)
rCorr  .         Harm     .     (no gloves)
MR     .....     Rnd*Rage +     (no boots)
Stlth  +.........               (no amulet)
                                (no ring)
                                (no ring)

@: lethally poisoned (0 -> -12), very slightly contaminated, hasted, invisible,
very quick
A: change form in water, swift swim, stealthy swim, beak, large bone plates 1,
berserk 1
a: no special abilities


You were on level 2 of the Dungeon.
You were very hungry.

You visited 1 branch of the dungeon, and saw 2 of its levels.

You collected 82 gold pieces.

Inventory:

Hand Weapons
 a - a +0 short sword (weapon)
Missiles
 n - 3 javelins (quivered)
Armour
 b - a +0 leather armour (worn)
Jewellery
 j - an uncursed ring of resist corrosion {unknown}
Scrolls
 f - a scroll of magic mapping {unknown}
 g - a scroll of fog {unknown}
 i - 2 scrolls of teleportation {unknown}
 l - a scroll of identify {unknown}
 p - a scroll of immolation {unknown}
Potions
 m - a potion of curing {unknown}
 q - a potion of magic {unknown}
Books
 c - a book of Battle

   Spells                             Type                      Level
   a - Infusion                       Charms                       1
   b - Shroud of Golubria             Charms/Translocation         2
   c - Song of Slaying                Charms                       2
   d - Spectral Weapon                Hexes/Charms                 3
   e - Regeneration                   Charms/Necromancy            3
Comestibles
 d - 4 bread rations
 o - a meat ration


   Skills:
 * Level 4.3 Fighting
 - Level 2.4 Short Blades
 - Level 0.6 Armour
 - Level 1.3 Dodging
 - Level 2.0 Spellcasting
 - Level 3.2 Charms


You had 5 spell levels left.
You knew the following spells:

 Your Spells              Type           Power        Failure   Level  Hunger
a - Infusion              Chrm           #...         12%         1    ##.....


Dungeon Overview and Level Annotations

Branches:
Dungeon (2/15)

Altars:


Innate Abilities, Weirdness & Mutations

You revert to your normal form in water.
You are very nimble and swift while swimming.
You are very stealthy in the water. (Stealth+)
You have a beak for a mouth.
You are partially covered in large bone plates. (SH +4)
You tend to lose your temper in combat.


Message History

The adder is almost dead.
The adder barely misses you. The adder bites you.
* * * LOW HITPOINT WARNING * * *
You are more poisoned.
The adder poisons you!
You hit the adder.
You kill the adder!
* * * LOW HITPOINT WARNING * * *
You feel sick.
It was a potion of haste.
You feel yourself speed up.
* * * LOW HITPOINT WARNING * * *
You feel sick.
You are very lightly contaminated with residual magic.
It was a potion of mutation.
You feel extremely strange.
Large bone plates grow over parts of your arms.
Your mouth lengthens and hardens into a beak!
You feel a little pissed off.
It was a potion of invisibility.
You fade into invisibility!
You die...

#.....# #.# #.....# #.#
#.....######.####
#...............#
###+####......(.# ### ##
#. #........# #.. .. #.
########## #.. ..
######.###############..
.
.......@................
##
.####################..#
.. ##.# ## #.# #.# # #.#
#.# ## #.# .# ##.


There were no monsters in sight!

Vanquished Creatures
  An adder (D:2)
  2 dart slugs (D:1)
  A leopard gecko (D:2)
  3 giant cockroaches
  5 goblins
  2 hobgoblins (D:1)
  2 jackals (D:1)
  5 kobolds
  A quokka (D:2)
  A bat (D:1)
  4 frilled lizards (D:1)
  6 rats (D:1)
33 creatures vanquished.

Notes
Turn   | Place    | Note
-------+----------+-------------------------------------------
     0 | D:1      | Andry07 the Merfolk Skald began the quest for the Orb.
     0 | D:1      | Reached XP level 1. HP: 16/16 MP: 3/3
   127 | D:1      | Reached XP level 2. HP: 9/23 MP: 5/5
   190 | D:1      | Reached skill level 3 in Fighting
   702 | D:1      | Reached XP level 3. HP: 26/30 MP: 6/6
  1114 | D:2      | Reached skill level 4 in Fighting
  1307 | D:2      | HP: 1/31 [poisoned by an adder]
  1308 | D:2      | Gained mutation: You are partially covered in large bone plates. (SH +4) [potion of mutation]
  1308 | D:2      | Gained mutation: You have a beak for a mouth. [potion of mutation]
  1308 | D:2      | Gained mutation: You tend to lose your temper in combat. [potion of mutation]
  1309 | D:2      | Succumbed to an adder's poison

Skill      XL: |  1  2  3 |
---------------+----------+-----
Fighting       | 3 4 |  4.3
Short Blades   | |  2.4
Armour         | |  0.6
Dodging        | |  1.3
Spellcasting   | |  2.0
Charms         | |  3.2

Action                   || total
-------------------------++-------
Melee: Short sword       ||   133
  Use: Potion            ||     3
Armor: Leather armour    ||    38
Dodge: Dodged            ||    67
